[Event "Early-Titled-Tuesday-Blitz-September-05-2023"]
[Site "Chess.com"]
[Date "2023.09.05"]
[Round "6"]
[White "BatboldNyamsuren0919"]
[Black "PeshkaCh"]
[Result "0-1"]
[WhiteElo "2463"]
[BlackElo "2797"]
[TimeControl "180+1"]
[EndTime "9:08:25 PDT"]
[Termination "PeshkaCh won by resignation"]

1. d4 Nf6 2. Nf3 e6 3. c4 d5 4. g3 Be7 5. Bg2 O-O 6. O-O dxc4 7. Qc2 a6 8. a4 Bd7 9. Qxc4 Bc6 10. Rd1 a5 11. Qc2 Na6 12. Nc3 Nb4 13. Qb1 Nbd5 14. Bg5 Nxc3 15. bxc3 Ne4 16. Bxe7 Qxe7 17. Qb2 Nd6 18.
Ne5 Bxg2 19. Kxg2 c6 20. Qb3 Rfd8 21. Nc4 Ne4 22. Rab1 b5 23. Ne5 Rdc8 24. f3 Nd6 25. c4 f6 26. Nxc6 Rxc6 27. c5 bxa4 28. Qxa4 Qd7 29.
cxd6 Rxd6 30. Qxd7 Rxd7 31. Ra1 a4 32. Ra3 Kf7 33.
e3 Rc7 34. Rd2 Raa7 35. Rda2 Rc4 36. Kf2 Ke7 37. Ke2 Rc1 38. Rxa4 Rxa4 39. Rxa4 Rc2+ 40. Kd3 Rxh2 41. Ra7+ Kf8 42. g4 h5 43. gxh5 Rxh5 44. Ke4 Rb5 45. Ra6 Kf7 46. Ra7+ Kf8 47. Kf4 e5+ 48.
dxe5 Rxe5 49. e4 Rb5 50. Ra8+ Kf7 51. Ra7+ Kg6 52. Kg4 Rg5+ 53. Kf4 Rb5 54. Kg4 Rb4 55. Kf4 Rb1 56. Kg4 Rh1 57. f4 Rg1+ 58. Kf3 Rf1+ 59. Ke3 Re1+ 60. Kf3 Rf1+ 61. Kg3 Re1 62. f5+ Kh6 63.
Kf4 Rf1+ 64. Ke3 Re1+ 65. Kd4 Rd1+ 66. Kc4 Rd8 67. Ra1 Kg5 68. Rf1 Kg4 69. Kc5 Kg3 70.
e5 fxe5 71. Rg1+ Kf4 72. Rxg7 Kxf5 73. Rg1 e4 74. Rf1+ Ke5 75. Re1 Rc8+ 76. Kb4 Kf4 77.
Rf1+ Ke3 78. Re1+ Kd3 79. Rd1+ Ke2 80. Rd7 e3 81. Kb3 Ke1 82. Re7 e2 83. Kb2 Rf8 84. Kc2 Kf2 85. Kd2 Rd8+ 86. Kc2 e1=Q 87. Rf7+ Kg3 88. Rg7+ Kh4 0-1

[Event "Early-Titled-Tuesday-Blitz-September-05-2023"]
[Site "Chess.com"]
[Date "2023.09.05"]
[Round "6"]
[White "Markov_Mikhail"]
[Black "1stSecond"]
[Result "1-0"]
[WhiteElo "2713"]
[BlackElo "2907"]
[TimeControl "180+1"]
[EndTime "9:08:34 PDT"]
[Termination "Markov_Mikhail won by resignation"]

1. c4 Nf6 2. Nf3 e6 3. g3 a6 4. Bg2 b5 5. b3 c5 6. O-O Qb6 7. Nc3 Be7 8. a4 b4 9. a5 Qc7 10. Na4 Qxa5 11. d4 cxd4 12. Nxd4 d5 13. c5 e5 14. Nc2 Bb7 15. Nb6 Qxc5 16. Nxa8 Bxa8 17. Bd2 Qb5 18. Bg5 O-O 19. Ne3 Nbd7 20. Qd3 Qxd3 21. exd3 d4 22. Nc4 Nc5 23. Nxe5 h6 24. Bf4 Bxg2 25. Kxg2 Nd5 26. Nc6 Nxf4+ 27. gxf4 Bd6 28.
Nxb4 Nxb3 29. Ra4 a5 30. Nc6 Bxf4 31. Rb1 Nc5 32. Rxd4 Bd2 33. Rd5 Ne6 34. Kf1 Ra8 35. Rb2 Bc3 36. Rb3 Bd2 37. Rdb5 a4 38. Rb8+ Rxb8 39. Rxb8+ Kh7 40. Ra8 Nc5 41. d4 Ne4 42. Rxa4 Nf6 43. Ke2 Bf4 44. Kd3 Bxh2 45. Ra5 h5 46.
Ne5 Bxe5 47. Rxe5 Kh6 48. d5 h4 49. d6 g5 50. Re1 g4 51. Ke3 Kg5 52. Rd1 Nd7 53.
Rd5+ f5 54. Rd1 Kf6 55. Kf4 h3 56. Re1 Nc5 57. Kg3 Nd7 58. Re7 Nc5 59. Re8 Ne4+ 60.
Kh2 Nxd6 61. Rf8+ Ke5 62. Ra8 Ne4 63. Ra2 Kf4 64. Kg1 Kf3 65. Ra3+ Ke2 66. Re3+ Kd2 67.
Ra3 Ng5 68. Ra2+ Ke1 69. Ra1+ Ke2 70. Ra2+ Kf3 71. Ra3+ Kf4 72. Ra4+ Ke5 73. Ra3 Nf3+ 74. Kh1 Kf6 75. Ra2 Kg5 76. Ra5 Nd2 77. Rd5 Ne4 78.
Kg1 Kf4 79. Rd4 Ke5 80. Rd3 f4 81. Ra3 f3 82. Ra8 Nc3 83. Rg8 Ne2+ 84. Kh2 Kf4 85. Rf8+ Kg5 86. Rg8+ Kf5 87. Rf8+ Ke4 88. Rf7 Nf4 89.
Kg3 Nh5+ 90. Kxg4 h2 91. Re7+ Kd3 92. Re1 h1=Q 93. Rxh1 Ke2 94. Rxh5 Kxf2 95. Rf5 Kg2 96. Rxf3 1-0

[Event "Early-Titled-Tuesday-Blitz-September-05-2023"]
[Site "Chess.com"]
[Date "2023.09.05"]
[Round "6"]
[White "Athanasios2"]
[Black "AlexanderL"]
[Result "1/2-1/2"]
[WhiteElo "2691"]
[BlackElo "2848"]
[TimeControl "180+1"]
[EndTime "9:08:56 PDT"]
[Termination "Game drawn by stalemate"]

1. Nf3 Nf6 2. c4 e6 3. Nc3 d5 4. e3 dxc4 5. Bxc4 a6 6. a4 c5 7. d4 Nc6 8. d5 exd5 9. Nxd5 Be6 10. Nxf6+ Qxf6 11. Bxe6 Qxe6 12. O-O Rd8 13. Qe2 Be7 14. Bd2 O-O 15. Bc3 Rd7 16. Rfd1 Rfd8 17. h3 h6 18.
Rxd7 Qxd7 19. Qc4 Bf8 20. a5 Qd5 21. Qg4 h5 22. Qh4 Rd7 23. Qg3 Qe6 24. Rc1 f6 25. Qh4 Qf5 26. Qc4+ Qd5 27. Qh4 Qf7 28. Qf4 Ne7 29.
Qa4 Nd5 30. Be1 Bd6 31. Rd1 Nc7 32. b4 c4 33. Qc2 Nb5 34. Nd4 Be5 35. Ne2 Rxd1 36.
Qxd1 c3 37. f4 Bd6 38. Nxc3 Qe6 39. Nxb5 axb5 40. Qd3 f5 41. Bd2 Qd7 42. Qd5+ Kh7 43. Bc3 Qe7 44. Qxf5+ g6 45. Qd3 Bxb4 46. Bd4 Bc5 47.
Kh2 Qd6 48. Qe4 Bxd4 49. exd4 Kh6 50. Kg3 b4 51. Qe8 Qxd4 52. Qf8+ Kh7 53. Qe7+ Qg7 54. Qxb4 Qf7 55. Kf3 Qd7 56. Qe4 Qc7 57. Kg3 Qxa5 58.
Qxb7+ Kh6 59. Qf3 Qf5 60. Kh2 Qc2 61. Qg3 Qe4 62. Qh4 Kh7 63. Qg5 Qe3 64. Qf6 Qe4 65. Qf7+ Kh6 66. Qf8+ Kh7 67. Qf7+ Kh6 68. Qf6 Kh7 69. Qe5 Qd3 70. Qe7+ Kg8 71. Qf6 Qe4 72.
Qg5 Kh7 73. Qg3 Qf5 74. Qf3 Qf6 75. g4 hxg4 76. hxg4 Qh4+ 77. Kg2 Qe1 78. Qb7+ Kh6 79. Qf3 Qd2+ 80. Kh3 Qd7 81. Kg3 Qd6 82. Qe3 Kh7 83. Kh3 Qd7 84. Qc3 Qe7 85. Kg3 Qd7 86. Qf3 Qc7 87. Qe3 Qd7 88. Qe5 Qd3+ 89. Kg2 Qd8 90. f5 Qd2+ 91. Kg3 gxf5 92. Qxf5+ Kg7 93. Qe5+ Kf7 94. Qf5+ Kg7 95. Qe5+ Kf7 96. Qc7+ Kg6 97. Qc6+ Kg7 98. Qb7+ Kg6 99. Qb6+ Kg7 100. Qc7+ Kg6 101. Qc6+ Kg7 102. Qf3 Qd6+ 103. Kh3 Qh6+ 104. Kg2 Qd2+ 105. Kg3 Qd6+ 106. Qf4 Qxf4+ 107. Kxf4 Kf6 108. g5+ Kg6 109. Kg4 Kg7 110. Kf5 Kf7 111. g6+ Kg7 112. Kg5 Kg8 113. Kf5 Kg7 114. Kg5 Kg8 115. Kh6 Kh8 116. g7+ Kg8 117. Kg6 1/2-1/2

[Event "Early-Titled-Tuesday-Blitz-September-05-2023"]
[Site "Chess.com"]
[Date "2023.09.05"]
[Round "6"]
[White "Chopper1905"]
[Black "DefiantChair"]
[Result "1-0"]
[WhiteElo "2886"]
[BlackElo "2647"]
[TimeControl "180+1"]
[EndTime "9:09:09 PDT"]
[Termination "Chopper1905 won by resignation"]

1. d4 Nf6 2. c4 e6 3. Nf3 d5 4.
Nc3 Bb4 5. cxd5 exd5 6. Bf4 O-O 7. e3 Ne4 8. Rc1 c6 9. Bd3 Qa5 10. O-O f5 11. Qb3 Kh8 12. Rfd1 Nd7 13. Ne5 Nxe5 14. Bxe5 Be7 15. Ne2 Qd8 16. Bb1 Bd6 17. f3 Ng5 18.
Bxd6 Qxd6 19. Qa3 Qxa3 20. bxa3 Re8 21. Kf2 Bd7 22. Nf4 Nf7 23. Bd3 Nd6 24. a4 Re7 25. Rb1 Rae8 26. Re1 a6 27. a5 Bc8 28. h4 Nb5 29. Bxb5 axb5 30. Nd3 Be6 31. Nb4 Bd7 32.
Rb2 Ra8 33. a6 bxa6 34. Rc1 Re6 35. Rbc2 Rae8 36. Nxc6 Bxc6 37. Rxc6 Rxe3 38. R1c2 a5 39. R6c5 b4 40. Rxd5 a4 41. Rxf5 b3 42. axb3 axb3 43. Rb2 Rd3 44. Re5 Rc8 45. Re3 Rxd4 46. Kg3 h6 47.
Rbxb3 Rcc4 48. Rb7 Rd6 49. Re8+ Kh7 50. Kh3 Rg6 51.
Re5 Rc2 52. g3 Rc3 53. Rf5 Rcc6 54. Rff7 Rcf6 55. h5 Rxf7 56. Rxf7 Rg5 57. Kh4 Ra5 58.
Rb7 Ra4+ 59. f4 Ra5 60. Re7 Ra4 61. Kg4 Ra5 62. Re5 Ra6 63. Kf5 Kg8 64. g4 Kf7 65.
Rb5 Rf6+ 66. Ke4 Re6+ 67. Kd5 Ra6 68. Rb7+ Kf6 69. Rb5 Ra4 70. Rb6+ Kf7 71. Ke5 Ra5+ 72. Ke4 Ra4+ 73. Kf3 Ra3+ 74. Kg2 Rc3 75. Rd6 Ra3 76. Rd5 Rb3 77. Kf2 Ra3 78. Re5 Rb3 79. Re3 Rb4 80. Kf3 Kf6 81. Rc3 Ra4 82. Rb3 Rc4 83. Ra3 Rb4 84.
Ra6+ Kf7 85. Rd6 Rb3+ 86. Ke4 Rb4+ 87. Ke5 Rb5+ 88. Rd5 Rb4 89. Rd7+ Kg8 90. Rd6 Kf7 91. g5 Rb5+ 92. Rd5 Rb4 93. Rd7+ Kg8 94. g6 Rb5+ 95. Ke6 Rb6+ 96. Ke7 Rb8 97. Rd8+ Rxd8 98. Kxd8 Kh8 99. Ke8 Kg8 100. f5 Kh8 101. f6 gxf6 102. Kf8 1-0

[Event "Early-Titled-Tuesday-Blitz-September-05-2023"]
[Site "Chess.com"]
[Date "2023.09.05"]
[Round "7"]
[White "03revilo"]
[Black "BogdanDeac"]
[Result "0-1"]
[WhiteElo "2447"]
[BlackElo "3001"]
[TimeControl "180+1"]
[EndTime "9:11:00 PDT"]
[Termination "BogdanDeac won by resignation"]

1. e4 c6 2. Nf3 d5 3. Nc3 dxe4 4. Nxe4 Nf6 5. Qe2 Na6 6. Nxf6+ gxf6 7. d3 Qd5 8. g3 Bg4 9. Bg2 Nb4 10. h3 Nxc2+ 11.
Kd1 Nd4 0-1

[Event "Early-Titled-Tuesday-Blitz-September-05-2023"]
[Site "Chess.com"]
[Date "2023.09.05"]
[Round "7"]
[White "FuenfgegenWilly"]
[Black "PetrolulSah"]
[Result "0-1"]
[WhiteElo "2303"]
[BlackElo "2161"]
[TimeControl "180+1"]
[EndTime "9:11:01 PDT"]
[Termination "PetrolulSah won by resignation"]

1. e4 e5 2. Nc3 Bc5 3. Qg4 g6 4. d4 d5 5. Qe2 Bxd4 6. Nxd5 Be6 7. c3 Bb6 8. Nxb6 axb6 9. Qb5+ Nc6 10. Qxe5 Nxe5 0-1

[Event "Early-Titled-Tuesday-Blitz-September-05-2023"]
[Site "Chess.com"]
[Date "2023.09.05"]
[Round "7"]
[White "Vanina1989"]
[Black "Keeper0416"]
[Result "0-1"]
[WhiteElo "2711"]
[BlackElo "2614"]
[TimeControl "180+1"]
[EndTime "9:12:30 PDT"]
[Termination "Keeper0416 won by resignation"]

1. d4 Nf6 2. c4 g6 3. Nc3 d5 4. Nf3 Bg7 5. Bg5 Ne4 6. cxd5 Nxg5 7. Nxg5 e6 8. Nf3 exd5 9. e3 O-O 10. b4 Be6 11. Be2 Nd7 12. O-O a5 13. a3 c6 14. Qc2 b5 15. Nd2 Nb6 16. Nb3 axb4 17. axb4 Bf5 18. Bd3 Bxd3 19. Qxd3 Nc4 20. Nc5 Qc7 21.
g3 Ra7 22. Rxa7 Qxa7 23. e4 dxe4 24. Qxe4 Nd2 25. Qxc6 Nxf1 26. Kxf1 Qa1+ 0-1

[Event "Early-Titled-Tuesday-Blitz-September-05-2023"]
[Site "Chess.com"]
[Date "2023.09.05"]
[Round "7"]
[White "gau248"]
[Black "GasconJR"]
[Result "0-1"]
[WhiteElo "2577"]
[BlackElo "2720"]
[TimeControl "180+1"]
[EndTime "9:12:44 PDT"]
[Termination "GasconJR won by resignation"]

1. d4 Nf6 2. c4 e6 3. g3 d5 4. Bg2 h6 5. Nf3 Bd6 6. O-O O-O 7. Qc2 b6 8. cxd5 exd5 9. Ne5 c5 10. e3 Ba6 11. Rd1 cxd4 12. exd4 Nbd7 13. Bf4 Rc8 14. Nc6 Bxf4 15. gxf4 Nb8 16. Nxb8 Rxc2 17. Nxa6 Qd6 18. Nc3 Qxf4 19. Nb4 Qxf2+ 0-1

[Event "Early-Titled-Tuesday-Blitz-September-05-2023"]
[Site "Chess.com"]
[Date "2023.09.05"]
[Round "7"]
[White "GAusal"]
[Black "S-Fazulyanov"]
[Result "0-1"]
[WhiteElo "2285"]
[BlackElo "2455"]
[TimeControl "180+1"]
[EndTime "9:12:48 PDT"]
[Termination "S-Fazulyanov won by checkmate"]

1. e3 d5 2. g3 Nf6 3. Bg2 h5 4.
h4 Bf5 5. Nf3 e6 6. d3 Be7 7. Nd4 Bg6 8. Nc3 c5 9. Nde2 e5 10. d4 cxd4 11. exd4 e4 12. Nf4 Bf5 13. Nfe2 Ng4 14. O-O Nc6 15. f3 exf3 16. Bxf3 Be6 17. Nf4 Qd6 18. Nb5 Qb8 19. Nxe6 Qxg3+ 20. Bg2 Qh2# 0-1

[Event "Early-Titled-Tuesday-Blitz-September-05-2023"]
[Site "Chess.com"]
[Date "2023.09.05"]
[Round "7"]
[White "Quattroporte300"]
[Black "EvgenyBurmakin"]
[Result "0-1"]
[WhiteElo "2393"]
[BlackElo "2286"]
[TimeControl "180+1"]
[EndTime "9:13:05 PDT"]
[Termination "EvgenyBurmakin won by resignation"]

1. e4 c5 2. Nf3 d6 3. Bb5+ Nd7 4. O-O a6 5. Bxd7+ Bxd7 6. c4 g6 7. d4 cxd4 8. Nxd4 Bg7 9. Nc3 Nf6 10. f3 Rc8 11.
Qd3 Qc7 12. b3 b5 13. Nd5 Nxd5 14. cxd5 Qc3 15. Qxc3 Rxc3 16. Rd1 O-O 17. Bb2 Rc7 18. Kf1 Rfc8 19. Ke2 Rc2+ 20. Rd2 Rxb2 0-1

[Event "Early-Titled-Tuesday-Blitz-September-05-2023"]
[Site "Chess.com"]
[Date "2023.09.05"]
[Round "7"]
[White "Zhigalko_Sergei"]
[Black "whitemirrorninja"]
[Result "1-0"]
[WhiteElo "2871"]
[BlackElo "2500"]
[TimeControl "180+1"]
[EndTime "9:13:08 PDT"]
[Termination "Zhigalko_Sergei won by resignation"]

1. e4 c5 2. Nf3 a6 3. c3 e6 4. d4 d5 5. e5 Bd7 6. Bd3 Bb5 7. Bxb5+ axb5 8. dxc5 Bxc5 9. b4 Bb6 10.
Na3 Rxa3 11. Bxa3 Qc7 12. Qd3 Nd7 13. O-O Ne7 14. Qxb5 Nc6 15. c4 Na7 16. Qa4 Qxc4 17. Rac1 Qxa2 18. Rc2 Qxc2 19. Qxc2 O-O 20. Qa4 Nc6 21.
b5 1-0

[Event "Early-Titled-Tuesday-Blitz-September-05-2023"]
[Site "Chess.com"]
[Date "2023.09.05"]
[Round "7"]
[White "MrBad74"]
[Black "Semetey"]
[Result "0-1"]
[WhiteElo "2351"]
[BlackElo "2571"]
[TimeControl "180+1"]
[EndTime "9:13:11 PDT"]
[Termination "Semetey won by resignation"]

1. e4 g6 2. d4 Bg7 3. c3 d6 4.
Bd3 Nf6 5. Nf3 O-O 6. O-O Nc6 7.
Bg5 h6 8. Bh4 g5 9. Bg3 Nh5 10.
Nbd2 Nxg3 11. hxg3 e6 12. Re1 Ne7 13. Qc2 f5 14. exf5 Nxf5 15. Ne4 Bd7 16. Rad1 Qe8 17. g4 Ne7 18. Ng3 Nd5 19. Nf5 Nf4 20. Nxg7 Kxg7 21.
g3 Nxd3 22. Qxd3 Qf7 23. Re3 Bc6 0-1

[Event "Early-Titled-Tuesday-Blitz-September-05-2023"]
[Site "Chess.com"]
[Date "2023.09.05"]
[Round "7"]
[White "lamomiajunior"]
[Black "Andrej2004"]
[Result "1-0"]
[WhiteElo "2695"]
[BlackElo "2560"]
[TimeControl "180+1"]
[EndTime "9:13:23 PDT"]
[Termination "lamomiajunior won by resignation"]

1. d4 Nf6 2. Nc3 d5 3. Bf4 c6 4. e3 h6 5. Bd3 g6 6. Nf3 Bg7 7.
Ne5 O-O 8. h3 Nbd7 9. Qe2 Nh5 10. Bh2 Qb6 11. O-O-O Bxe5 12. dxe5 Ng7 13. Bf4 Kh7 14.
h4 h5 15. g4 Nc5 16. gxh5 Nxd3+ 17. Qxd3 Nxh5 18. Rhg1 Bf5 19. Qd2 e6 20. Rg5 c5 21.
Qe2 Ng7 22. e4 d4 23. Na4 Qa5 24. exf5 Qxa4 25. f6 Qa3 26. bxa3 1-0

[Event "Early-Titled-Tuesday-Blitz-September-05-2023"]
[Site "Chess.com"]
[Date "2023.09.05"]
[Round "7"]
[White "hsd2016"]
[Black "Mr_Lion22"]
[Result "0-1"]
[WhiteElo "2267"]
[BlackElo "2429"]
[TimeControl "180+1"]
[EndTime "9:13:25 PDT"]
[Termination "Mr_Lion22 won by resignation"]

1. e4 c5 2. Nf3 d6 3. d4 cxd4 4. Nxd4 Nf6 5. Nc3 a6 6. Rg1 e5 7. Nb3 Be6 8. h3 Nc6 9. Be3 d5 10. exd5 Nxd5 11. Nxd5 Qxd5 12. Qxd5 Bxd5 13. O-O-O O-O-O 14. Bb6 Rd7 15. Nc5 Rd6 16. Bd3 g6 17. Ne4 Bxe4 18.
Bxe4 Nd4 19. Bc5 Ne2+ 20. Kb1 Rxd1+ 21. Rxd1 Bxc5 22. c3 Nf4 0-1

[Event "Early-Titled-Tuesday-Blitz-September-05-2023"]
[Site "Chess.com"]
[Date "2023.09.05"]
[Round "7"]
[White "shimastream"]
[Black "Rurep26"]
[Result "1-0"]
[WhiteElo "2965"]
[BlackElo "2825"]
[TimeControl "180+1"]
[EndTime "9:13:29 PDT"]
[Termination "shimastream won by resignation"]

1. d4 e6 2. Nf3 Nf6 3. Bg5 h6 4. Bh4 c5 5. e3 b6 6. Nbd2 cxd4 7. exd4 Bb7 8. c3 Be7 9. Bd3 O-O 10. Qe2 d6 11. g4 Nd5 12. Bg3 Nd7 13. h4 Re8 14. g5 Bf8 15. gxh6 g6 16. h5 g5 17. O-O-O Bxh6 18. Bxd6 Rc8 19. Rhg1 N7f6 20. Nxg5 Bxg5 21. Rxg5+ Kh8 22.
Be5 1-0

[Event "Early-Titled-Tuesday-Blitz-September-05-2023"]
[Site "Chess.com"]
[Date "2023.09.05"]
[Round "7"]
[White "rdarruda"]
[Black "LileKoridze"]
[Result "0-1"]
[WhiteElo "2556"]
[BlackElo "2369"]
[TimeControl "180+1"]
[EndTime "9:13:29 PDT"]
[Termination "LileKoridze won by resignation"]

1. d4 Nf6 2. Nf3 d5 3. c4 e6 4. e3 Bb4+ 5. Nbd2 O-O 6. Bd3 c5 7. O-O cxd4 8. Nxd4 Nc6 9. Nxc6 bxc6 10. a3 Be7 11. e4 Bb7 12. e5 Nd7 13. Nf3 Qc7 14. Bf4 Rfd8 15. Qe2 Nf8 16. Rac1 Qb6 17. h4 c5 18. h5 h6 19. Rfe1 d4 20. Red1 Nh7 21. Rd2 Ng5 22. Nxg5 hxg5 23. Bg3 Qc6 24. f3 Rab8 25.
Kf2 Qb6 26. Rh1 a5 27. h6 g6 28. h7+ Kh8 29. Be4 Bxe4 30. Qxe4 Qb3 31. Rc1 Kxh7 32. Qc6 Qe3+ 0-1

[Event "Early-Titled-Tuesday-Blitz-September-05-2023"]
[Site "Chess.com"]
[Date "2023.09.05"]
[Round "7"]
[White "WildTricks"]
[Black "moro182"]
[Result "0-1"]
[WhiteElo "2638"]
[BlackElo "2850"]
[TimeControl "180+1"]
[EndTime "9:13:40 PDT"]
[Termination "moro182 won by resignation"]

1. e4 g6 2. d4 Bg7 3. Nf3 d6 4. Bc4 a6 5. O-O e6 6. Bb3 b6 7.
Re1 Bb7 8. c4 Nd7 9. Nc3 Ngf6 10. Bc2 O-O 11. h3 h6 12. Be3 e5 13. d5 Nh5 14. b4 a5 15. bxa5 Rxa5 16. Nd2 Nf4 17. Nb3 Ra8 18. a4 Nc5 19. Nxc5 bxc5 20. Qd2 Bc8 21.
Ra3 Qg5 22. Bxf4 exf4 23. Ne2 Be5 24. Kf1 f3 25. Re3 Bc3 0-1

[Event "Early-Titled-Tuesday-Blitz-September-05-2023"]
[Site "Chess.com"]
[Date "2023.09.05"]
[Round "7"]
[White "Langua_Chess"]
[Black "DopplerCharlotteDeWitte"]
[Result "0-1"]
[WhiteElo "2486"]
[BlackElo "2720"]
[TimeControl "180+1"]
[EndTime "9:13:53 PDT"]
[Termination "DopplerCharlotteDeWitte won by resignation"]

1. d4 Nf6 2. c4 e6 3. Nc3 d5 4.
cxd5 exd5 5. Bg5 Bb4 6. e3 h6 7. Bxf6 Qxf6 8. Qb3 c5 9. Qxd5 O-O 10. Nf3 Nc6 11. a3 Rd8 12. Qe4 Bf5 13. Qh4 g5 14.
Qh5 cxd4 15. Nxd4 Nxd4 16. exd4 Qxd4 0-1

[Event "Early-Titled-Tuesday-Blitz-September-05-2023"]
[Site "Chess.com"]
[Date "2023.09.05"]
[Round "7"]
[White "MarijaKuznecova"]
[Black "InadaC"]
[Result "1-0"]
[WhiteElo "2380"]
[BlackElo "1735"]
[TimeControl "180+1"]
[EndTime "9:13:53 PDT"]
[Termination "MarijaKuznecova won by resignation"]

1. e4 e6 2. d4 d5 3. Nc3 Bb4 4. e5 c5 5. a3 Bxc3+ 6. bxc3 Qa5 7. Bd2 Nc6 8. Nf3 Bd7 9. c4 Qc7 10. cxd5 exd5 11. c3 cxd4 12. cxd4 Nge7 13. Rc1 O-O 14. Bd3 Bf5 15. Bxf5 Nxf5 16. O-O Qe7 17. Qa4 b5 18.
Qxb5 Ncxd4 19. Nxd4 Nxd4 20. Qd3 Qxe5 21. Rfe1 Qf6 22. Bc3 Rfe8 23. Rxe8+ Rxe8 24. Bxd4 Qe7 25. h3 h6 26. Qg3 f6 27. Rc7 Qf8 28. Bc5 Re1+ 29. Kh2 1-0

[Event "Early-Titled-Tuesday-Blitz-September-05-2023"]
[Site "Chess.com"]
[Date "2023.09.05"]
[Round "7"]
[White "Bugcrusher"]
[Black "whiteglovethief"]
[Result "1-0"]
[WhiteElo "2334"]
[BlackElo "2510"]
[TimeControl "180+1"]
[EndTime "9:13:54 PDT"]
[Termination "Bugcrusher won by resignation"]

1. d4 Nf6 2. c4 c5 3. d5 b5 4.
cxb5 a6 5. e3 axb5 6. Bxb5 g6 7.
Nc3 Bg7 8. e4 O-O 9. Nf3 e6 10. O-O Qb6 11. a4 Bb7 12. Re1 exd5 13. e5 Ng4 14. Nxd5 Bxd5 15. Qxd5 Nc6 16. Bf4 c4 17.
Bg3 Rfe8 18. Qxd7 Ncxe5 19. Nxe5 Bxe5 20. Qxg4 Bxb2 21. Bxe8 Bxa1 22. Bxf7+ Kxf7 23. Qf3+ Bf6 24. Qxa8 c3 25. Qe8+ Kg7 26. Qd7+ Kh6 27. Bf4+ g5 28. Be3 Qb2 29. h4 1-0

[Event "Early-Titled-Tuesday-Blitz-September-05-2023"]
[Site "Chess.com"]
[Date "2023.09.05"]
[Round "7"]
[White "miraitrunks"]
[Black "rachidhuilda"]
[Result "0-1"]
[WhiteElo "2026"]
[BlackElo "2302"]
[TimeControl "180+1"]
[EndTime "9:14:00 PDT"]
[Termination "rachidhuilda won by checkmate"]

1. e4 d5 2. exd5 Qxd5 3. Nc3 Qa5 4.
d4 c6 5. Bd2 Nf6 6. Bc4 Bf5 7.
Nd5 Qd8 8. Nxf6+ gxf6 9. Nf3 e6 10. Qe2 Nd7 11. Bf4 Qa5+ 12. c3 Rg8 13. Nh4 Bg4 14. f3 Bh5 15. Bxe6 O-O-O 16. Bxd7+ Rxd7 17. g4 Re7 18. Be3 Bh6 19. Nf5 Qxf5 20. gxf5 Rxe3 21. Kf2 Rxe2+ 22. Kxe2 Rg2+ 23. Kd3 Bxf3 24. Rhg1 Rd2+ 25. Kc4 Rxb2 26. Rae1 Be2+ 27. Kc5 Kd7 28. d5 Be3# 0-1

[Event "Early-Titled-Tuesday-Blitz-September-05-2023"]
[Site "Chess.com"]
[Date "2023.09.05"]
[Round "7"]
[White "farzadbfd"]
[Black "koncheto"]
[Result "1-0"]
[WhiteElo "2711"]
[BlackElo "2538"]
[TimeControl "180+1"]
[EndTime "9:14:04 PDT"]
[Termination "farzadbfd won by resignation"]

1. d4 Nf6 2. Nf3 e6 3. c4 c5 4. d5 exd5 5. cxd5 d6 6. Nc3 g6 7. Bg5 Bg7 8. e4 O-O 9. Bd3 Bg4 10. O-O Nbd7 11. Re1 a6 12. a4 Rc8 13. h3 Bxf3 14. Qxf3 Ne5 15. Qe2 Nxd3 16. Qxd3 Qc7 17. Qc4 Nd7 18.
f4 Rfe8 19. a5 b6 20. Qxa6 Ra8 21. axb6 Nxb6 22. Qe2 Rxa1 23. Rxa1 Bh6 24. Bxh6 1-0

[Event "Early-Titled-Tuesday-Blitz-September-05-2023"]
[Site "Chess.com"]
[Date "2023.09.05"]
[Round "7"]
[White "expii"]
[Black "Chernov_Mikhail"]
[Result "1-0"]
[WhiteElo "2264"]
[BlackElo "2390"]
[TimeControl "180+1"]
[EndTime "9:14:11 PDT"]
[Termination "expii won by resignation"]

1. e4 c5 2. Nf3 Nc6 3. d4 cxd4 4. Nxd4 Nf6 5. Nc3 d6 6. g3 g6 7.
Bg2 Bg7 8. Nde2 Bd7 9. O-O Qc8 10. Be3 Bh3 11. f3 h5 12. Bxh3 Qxh3 13. Nf4 Qd7 14. Nfd5 h4 15. g4 h3 16. Nxf6+ Bxf6 17. Nd5 Bxb2 18.
Rb1 Bg7 19. f4 Rh4 20. f5 Ne5 21. f6 Rxg4+ 22. Kh1 Bxf6 23. Rxf6 O-O-O 24. Bxa7 Nc4 25.
Qd4 exf6 26. Qxc4+ Qc6 27. Ne7+ 1-0

[Event "Early-Titled-Tuesday-Blitz-September-05-2023"]
[Site "Chess.com"]
[Date "2023.09.05"]
[Round "7"]
[White "HanSchut"]
[Black "Dewarfd"]
[Result "1-0"]
[WhiteElo "2239"]
[BlackElo "2130"]
[TimeControl "180+1"]
[EndTime "9:14:27 PDT"]
[Termination "HanSchut won by checkmate"]

1. e4 e5 2. Nf3 Nc6 3. Bc4 Nf6 4. d4 exd4 5. e5 d5 6. Bb5 Ne4 7. Nxd4 Bd7 8. Bxc6 bxc6 9. O-O Bc5 10. f3 Ng5 11. Be3 Bb6 12. f4 c5 13. Nf3 Ne4 14. Nbd2 Nxd2 15. Qxd2 d4 16. Bf2 O-O 17. Bh4 Qc8 18.
a4 a5 19. h3 Bc6 20. Kh2 Qe6 21. Rae1 Qc4 22. b3 Qd5 23. f5 c4 24. f6 c3 25.
Qg5 h6 26. Qxg7# 1-0

[Event "Early-Titled-Tuesday-Blitz-September-05-2023"]
[Site "Chess.com"]
[Date "2023.09.05"]
[Round "7"]
[White "hurricane7791"]
[Black "santosalberto1987"]
[Result "1-0"]
[WhiteElo "2694"]
[BlackElo "2556"]
[TimeControl "180+1"]
[EndTime "9:14:29 PDT"]
[Termination "hurricane7791 won by resignation"]

1. d4 d5 2. c4 c6 3. Nf3 Nf6 4. Nc3 dxc4 5. a4 Bf5 6. e3 e6 7. Bxc4 Bb4 8. O-O Nbd7 9. Nh4 Bg6 10. h3 O-O 11. Nxg6 hxg6 12. Qe2 e5 13. Rd1 exd4 14. exd4 Nb6 15. Bb3 Nbd5 16. Qf3 Re8 17. Bg5 Qd6 18. Re1 a5 19. g3 Qd7 20. Kg2 Rac8 21.
Rad1 Ra8 22. Re5 Bd6 23. Ree1 Bb4 24. h4 Bf8 25. Re2 Rxe2 26. Nxe2 Re8 27. Nc3 Bb4 28. Rd3 Bf8 29. Bd1 Nh7 30. Bc1 Nhf6 31. g4 Qxg4+ 32.
Qxg4 Nxg4 33. Bxg4 Nf6 34. Bf3 Bb4 35. Bg5 Re1 36. d5 Nxd5 37. Nxd5 cxd5 38. Bxd5 1-0

[Event "Early-Titled-Tuesday-Blitz-September-05-2023"]
[Site "Chess.com"]
[Date "2023.09.05"]
[Round "7"]
[White "FairChess_on_YouTube"]
[Black "LionTheLeon_06"]
[Result "1-0"]
[WhiteElo "3051"]
[BlackElo "2807"]
[TimeControl "180+1"]
[EndTime "9:14:31 PDT"]
[Termination "FairChess_on_YouTube won by resignation"]

1. d4 Nf6 2. c4 e6 3. Nf3 b6 4. g3 Bb7 5. Bg2 Be7 6. O-O O-O 7. Re1 Qc8 8. b3 d6 9. Bb2 Nbd7 10. Nc3 Ne4 11. Nxe4 Bxe4 12. Nh4 Bxg2 13. Nxg2 a5 14. e4 e5 15. Ne3 exd4 16. Nd5 Re8 17. Bxd4 Bf8 18. Qh5 Re6 19. Re3 Qb7 20. Rf3 g6 21. Qh3 c6 22. Rxf7 Kxf7 23. Nf4 Re7 24. Qxh7+ Ke8 25.
Qxg6+ Kd8 26. Qxd6 Kc8 27. Ne6 Qb8 28. Qxc6+ 1-0

[Event "Early-Titled-Tuesday-Blitz-September-05-2023"]
[Site "Chess.com"]
[Date "2023.09.05"]
[Round "7"]
[White "Casper"]
[Black "amylazy"]
[Result "1-0"]
[WhiteElo "2442"]
[BlackElo "2459"]
[TimeControl "180+1"]
[EndTime "9:14:33 PDT"]
[Termination "Casper won by checkmate"]

1. e4 c5 2. d4 cxd4 3. Qxd4 e6 4. Nc3 Nc6 5. Qd3 Nf6 6. Bg5 Be7 7.
O-O-O O-O 8. Nf3 Qa5 9. Kb1 Nb4 10. Qb5 Qc7 11. Bxf6 Bxf6 12. Qxb4 a5 13. Qc4 Qb6 14. e5 Be7 15. Bd3 Qxf2 16. Ne4 Qxg2 17. Nf6+ Bxf6 18. exf6 Qxf3 19. Qh4 g6 20. Rhf1 Qh5 21. Qxh5 gxh5 22. Rg1+ Kh8 23. Rg7 b5 24. Rxh7+ Kg8 25. Rg1# 1-0